 Dungeon Crawl Stone Soup version 0.29-a0-506-ga2e7fffb44 (webtiles) character file.

Game seed: 9538069843672078367

14 spaghetti the Ruffian (level 2, -1/24 HPs)
             Began as a Mummy Berserker on May 28, 2022.
             Was a Follower of Trog.
             Hit by a stone thrown by a kobold (2 damage)
             ... on level 1 of the Dungeon.
             The game lasted 00:00:42 (538 turns).

spaghetti the Ruffian (Mummy Berserker)              Turns: 538, Time: 00:00:43

Health: -1/24      AC:  2    Str: 20    XL:     2   Next: 27%
Magic:  2/2        EV: 12    Int:  6    God:    Trog [*.....]
Gold:   17         SH:  0    Dex: 11    Spells: 1/1 levels left

rFire   x . .      SeeInvis .     - Unarmed
rCold   + . .      Faith    .   (no shield)
rNeg    + + +      Spirit   .   a - +0 animal skin
rPois   ∞          Reflect  .   (no helmet)
rElec   .          Harm     .   (no cloak)
rCorr   .          Rampage  .   (no gloves)
Will    .....                   (no boots)
Stlth   +.........              (no amulet)
HPRegen 0.08/turn               (no ring)
MPRegen 0.08/turn               (no ring)

@: no status effects
A: cold resistance 1, negative energy resistance 3, torment resistance 2, heat
vulnerability 1, no potions
a: Renounce Religion


You were on level 1 of the Dungeon.
You worshipped Trog.
Trog was aware of your devotion.
You visited 1 branch of the dungeon, and saw 1 of its levels.

You collected 17 gold pieces.


Innate Abilities, Weirdness & Mutations

You are immune to poison.
Your flesh is cold resistant. (rC+)
You are immune to negative energy. (rN+++)
You are immune to unholy pain and torment.
You are vulnerable to heat. (rF-)
You do not drink.


   Skills:
 - Level 3.0 Fighting
 - Level 1.5 Armour
 - Level 1.5 Dodging
 + Level 3.1 Unarmed Combat


You had one spell level left.
You didn't know any spells.
Your spell library was empty.

Inventory:

Hand Weapons
 b - a +0 dagger {short}
   (You took it off a kobold on level 1 of the Dungeon)
 d - a +0 dagger {short}
   (You took it off a kobold on level 1 of the Dungeon)
 e - a +0 club {mace}
   (You took it off a goblin on level 1 of the Dungeon)
 f - a +0 dagger {short}
   (You took it off a goblin on level 1 of the Dungeon)
Missiles
 c - 28 stones (quivered) {throwing}
Armour
 a - a +0 animal skin (worn)
Jewellery
 g - a ring of resist corrosion
   (You found it on level 1 of the Dungeon)

Dungeon Overview and Level Annotations

Branches:
Dungeon (1/15)

Altars:

.## #. ..# ##. .# #.#
.#... #.# #.##. .# ....
#.# #.##.#.# ... #.#
#.##.#.# ...##B### #.#
#.##.#.# .....K)@# #.#
#.†#...# ....#.#$###.#
##.##..# . .. #.....##
#.##... ... ####...##
#..#... ...
##...#####..#..
....#######.#...####.#..
.........##.#...........
...####......#......#..
..........)†.##........


You could see a giant cockroach and a kobold.


Message History

You are too injured to fight recklessly!
Unknown command.
Unknown command.
You hit the jackal. The jackal barely misses you.
The goblin hits you but does no damage.
You hit the jackal.
You kill the jackal!
Trog accepts your kill.
The goblin hits you with a +0 dagger. 😕 HP[-2]
You take 2 damage, and now have 19/24 hp.
The goblin hits you with a +0 dagger.
You see here a jackal corpse. 😮 HP[-1]
You take 1 damage, and now have 18/24 hp.
You miss the goblin. The goblin hits you but does no damage.
A giant cockroach comes into view.
You barely miss the goblin.
The goblin hits you with a +0 dagger. 😮 HP[-1]
You take 1 damage, and now have 17/24 hp.
You hit the goblin.
You kill the goblin!
Trog accepts your kill.
You miss the jackal. The jackal misses you. The jackal barely misses you.
You closely miss the jackal. The jackal barely misses you.
The jackal bites you but does no damage.
You hit the jackal. The jackal barely misses you.
The jackal misses you. 😮 HP[+1]
You barely miss the jackal. The jackal misses you.
The jackal closely misses you. x2; The jackal misses you.
You hit the jackal. The jackal bites you. x2 😮 HP[-4]
You take 4 damage, and now have 14/24 hp.
You hit the jackal but do no damage. The jackal barely misses you.
The jackal closely misses you.
Unknown command.
You barely miss the jackal. The jackal barely misses you. The jackal bites you.
The jackal closely misses you. x2 😮 HP[-1]
You take 1 damage, and now have 13/24 hp.
You hit the jackal but do no damage. The jackal bites you.
* * * LOW HITPOINT WARNING * * *
The jackal closely misses you. 😨 HP[-1]
You take 1 damage, and now have 12/24 hp.
You barely miss the jackal. The jackal bites you.
* * * LOW HITPOINT WARNING * * *
The jackal bites you but does no damage. 😨 HP[-1]
You take 1 damage, and now have 11/24 hp.
Unknown command.
You barely miss the jackal.
The jackal bites you but does no damage.
The jackal bites you.
* * * LOW HITPOINT WARNING * * *
The jackal bites you.
* * * LOW HITPOINT WARNING * * *
The jackal bites you.
* * * LOW HITPOINT WARNING * * *
😱 HP[-8]
You take 8 damage, and now have 3/24 hp.
MASSIVE DAMAGE!! (PAUSE) Unknown command.
You hit the jackal but do no damage. The jackal closely misses you.
The jackal barely misses you.
You completely miss the jackal.
The jackal bites you but does no damage.
The jackal closely misses you.
You completely miss the jackal.
The jackal bites you but does no damage.
The jackal closely misses you. The jackal barely misses you. x2
You closely miss the jackal. The jackal closely misses you.
The jackal bites you.
* * * LOW HITPOINT WARNING * * *
😱 HP[-1]
You take 1 damage, and now have 2/24 hp.
You barely miss the jackal. The jackal misses you.
The jackal completely misses you.
Unknown command.
Unknown command.
You barely miss the jackal. Your punch misses the jackal.
The jackal closely misses you. The jackal bites you.
* * * LOW HITPOINT WARNING * * *
The jackal closely misses you.
The jackal bites you but does no damage.
You hit the jackal.
You kill the jackal!
Trog accepts your kill. The jackal bites you.
* * * LOW HITPOINT WARNING * * *
😱 HP[-1]
You take 1 damage, and now have 1/24 hp.
Unknown command.
Unknown command.
You closely miss the jackal. The jackal barely misses you.
You hit the jackal.
You kill the jackal!
Trog accepts your kill.
The kobold throws a stone.
The stone hits you.
You die...

Skill      XL: |  1 |
---------------+----+-----
Unarmed Combat | 3 |  3.1
Fighting       | |  3.0
Armour         | |  1.5
Dodging        | |  1.5

Action                   || total
-------------------------++-------
Melee: Unarmed           ||    56
Armor: Animal skin       ||    16
Dodge: Dodged            ||    44

Levels and vault maps discovered:
D:1:      psy_arrival_fountain, layout_rooms

Notes
Turn   | Place    | Note
-------+----------+-------------------------------------------
     0 | D:1      | spaghetti the Mummy Berserker began the quest for the Orb.
     0 | D:1      | Reached XP level 1. HP: 18/18 MP: 1/1
     0 | D:1      | magus.rc [v1.9.6]
    44 | D:1      | HP: 2/18 [quokka (4)]
    45 | D:1      | magus.rc [v1.9.6]
   447 | D:1      | Reached skill level 3 in Unarmed Combat
   447 | D:1      | Reached XP level 2. HP: 21/24 MP: 2/2
   529 | D:1      | HP: 5/24 [jackal (3)]
   533 | D:1      | HP: 2/24 [jackal (1)]
   538 | D:1      | Hit by a stone thrown by a kobold

Vanquished Creatures
  3 goblins (D:1)
  4 jackals (D:1)
  A quokka (D:1)
  A ball python (D:1)
  3 kobolds (D:1)
  3 rats (D:1)
15 creatures vanquished.

Table legend:
 A = Non-vault XP
 B = Vault XP
 C = Vault XP percentage of total XP
 D = Non-vault monster count
 E = Vault monster count
 F = Vault count percentage of total count
                 A         B        C        D         E       F
            +---------+---------+-------+---------+---------+-------
      Total |      22 |       0 |   0.0 |      15 |       0 |   0.0
            +---------+---------+-------+---------+---------+-------
        D:1 |      22 |       0 |   0.0 |      15 |       0 |   0.0
            +---------+---------+-------+---------+---------+-------

Illustrated notes

Table legend:
 A = Kills in this place as a percentage of kills in entire the game.
 B = Kills by you in this place as a percentage of kills by you in the entire game.
 C = Kills by friends in this place as a percentage of kills by friends in the entire game.
 D = Other kills in this place as a percentage of other kills in the entire game.
 E = Experience gained in this place as a percentage of experience gained in the entire game.
 F = Experience gained in this place divided by the number of levels of this place that you have seen.
                   A       B       C       D       E      F
               +-------+-------+-------+-------+-------+----------------------
         Total | 100.0 | 100.0 |   N/A |   N/A | 100.0 |  22.0
       Dungeon | 100.0 | 100.0 |   N/A |   N/A | 100.0 |  22.0
               +-------+-------+-------+-------+-------+----------------------

Table legend: (Time is in decaauts)
 A = Elapsed time spent in this place.
 B = Non-inter-level travel time spent in this place.
 C = Inter-level travel time spent in this place.
 D = Time resting spent in this place.
 E = Time spent auto-exploring this place.
 F = Levels seen in this place.
 G = Mean time per level.
                   A        B        C        D        E       F      G
               +--------+--------+--------+--------+--------+-----+--------+
         Total |    535 |    535 |      0 |    354 |    100 |   1 |  535.0 |
       Dungeon |    535 |    535 |      0 |    354 |    100 |   1 |  535.0 |
               +--------+--------+--------+--------+--------+-----+--------+

Top non-repeatable levels by time:
     D:1: 535 daAuts
